 Dungeon Sprint DCSS version 0.29.0-4-gdea44cf6ec (webtiles) character file.

Game seed: 6811411641119841620

1349 enile the Fighter (level 8, -6/72 HPs)
             Began as a Demonspawn Wanderer on Aug 27, 2022.
             Was a Believer of Uskayaw.
             Mangled by a catoblepas (8 damage)
             ... while petrified by a catoblepas
             ... in the Dungeon (Sprint IX: "|||||||||||||||||||||||||||||").
             The game lasted 00:03:01 (427 turns).

enile the Fighter (Demonspawn Wanderer)              Turns: 427, Time: 00:03:02

Health: -6/72      AC: 16    Str: 15    XL:     8   Next: 36%
Magic:  11/11      EV:  2    Int: 13    God:    Uskayaw [**....]
Gold:   0          SH:  0    Dex: 16    Spells: 11/11 levels left

rFire   . . .      SeeInvis .   o - +2 morningstar (protect)
rCold   . . .      Faith    .   (no shield)
rNeg    + + +      Spirit   .   s - +0 plate armour
rPois   ∞          Reflect  .   (helmet restricted)
rElec   .          Harm     .   (no cloak)
rCorr   .          Rampage  .   (no gloves)
Will    .....      NoTele   +   (no boots)
Stlth   ..........              (no amulet)
HPRegen 0.22/turn               u - +3 ring of dexterity
MPRegen 0.12/turn               t - +2 ring of evasion

@: petrified, invisible
A: antennae 2, icemail 1, sturdy frame 2, condensation shield
a: Renounce Religion, Stomp, Line Pass


You were in the Dungeon.
You worshipped Uskayaw.
Uskayaw was noncommittal.
You visited 1 branch

Inventory:

Hand Weapons
 a - a +2 falchion
 c - a +0 dagger
 n - a +2 halberd of venom
 o - a +2 morningstar of protection (weapon)
 p - a +4 quarterstaff of speed
 q - a +3 war axe of freezing
Missiles
 b - 14 poisoned darts (quivered)
Armour
 e - a +0 leather armour
 r - a +0 pair of boots
 s - a +0 plate armour (worn)
Jewellery
 t - a +2 ring of evasion (right hand)
 u - a +3 ring of dexterity (left hand)
Wands
 m - a wand of light (6)
Scrolls
 d - a scroll of silence
 k - 2 scrolls of blinking
 l - 2 scrolls of amnesia
Potions
 f - 5 potions of curing
 h - a potion of haste
 i - 4 potions of magic
 j - a potion of heal wounds


   Skills:
 - Level 10.0 Fighting
 - Level 3.6 Long Blades
 + Level 9.3 Maces & Flails
 - Level 1.7 Throwing
 - Level 6.0 Armour
 - Level 7.0 Dodging
 - Level 3.0 Stealth
 - Level 2.0 Spellcasting
 - Level 6.0 Evocations


You had 11 spell levels left.
You didn't know any spells.
Your spell library was empty.

Dungeon Overview and Level Annotations

Branches:
Dungeon (1/1)

Altars:
Cheibriados
Dithmenos
Fedhas
Gozag
Hepliaklqana
Kikubaaqudgha
Makhleb
Nemelex Xobeh
Okawaru
Qazlal
Ru
Sif Muna
Trog
Uskayaw
Vehumet
Wu Jian
Xom
Yredelemnul
Jiyva
Lugonu


Innate Abilities, Weirdness & Mutations

You have a pair of antennae on your head.
A meltable icy envelope protects you from harm. (AC +4)
Your movements are less encumbered by armour. (ER -4)
A meltable shield of frost defends you. (SH +4)


Message History

The five-headed hydra is lightly wounded.
The five-headed hydra is blinded.
The bolt of light hits the skeletal warrior!
The skeletal warrior is almost destroyed.
The skeletal warrior is blinded.
You can now pass through a line of other dancers.
You catch the helpless catoblepas completely off-guard!
You hit the catoblepas.
The catoblepas is heavily wounded.
The catoblepas breathes a plume of calcifying dust at you.
The blast of calcifying dust hits you.
* * * LOW HITPOINT WARNING * * *
You fade into invisibility!
You are slowing down.
The catoblepas gores you but does no damage.
Unknown command.
Unknown command.
You completely miss the catoblepas.
The catoblepas is heavily wounded.
The catoblepas breathes a plume of calcifying dust at you.
The blast of calcifying dust hits you but does no damage.
The catoblepas breathes a plume of calcifying dust at you.
The blast of calcifying dust hits you but does no damage.
Your limbs are stiffening.
Unknown command.
You hit the catoblepas.
The catoblepas is severely wounded.
The catoblepas is no longer blind.
The catoblepas gores you.
* * * LOW HITPOINT WARNING * * *
You have turned to stone.
The five-headed hydra is no longer blind.
The catoblepas gores you!
* * * LOW HITPOINT WARNING * * *
The catoblepas gores you but does no damage.
The skeletal warrior is no longer blind.
The catoblepas gores you!!
* * * LOW HITPOINT WARNING * * *
The catoblepas gores you but does no damage.
The catoblepas gores you!
You die... ▓▓▓▓▓▓▓▓▓▓▓▓▓▓▓▓▓▓▓ +.@YlDz'..)..)'...[ ▓▓▓▓▓▓▓▓▓▓▓▓▓▓▓▓▓▓▓

You could see a catoblepas (unable to see you), a five-headed hydra (unable to see you), a skeletal warrior (unable to see you) and a komodo dragon (blind).

Vanquished Creatures
  A centaur warrior (D)
  A wraith (D)
  2 centaurs (D)
  A necrophage (D)
  A scorpion (D)
  A killer bee (D)
  An orc wizard (D)
  A gnoll (D)
  An endoplasm (D)
  2 hobgoblins (D)
  A quokka (D)
  2 frilled lizards (D)
15 creatures vanquished.

Vanquished Creatures (others)
  2 vampires (D)
  A yak (D)
3 creatures vanquished.

Grand Total: 18 creatures vanquished

Notes
Turn   | Place    | Note
-------+----------+-------------------------------------------
     0 | D        | enile the Demonspawn Wanderer began the quest for the Orb.
     0 | D        | enile set off with the following items: a +2 falchion, 14
                  | poisoned darts, a +0 dagger, a scroll of silence, a +0
                  | leather armour, a potion of curing, a potion of heal
                  | wounds, a potion of haste, 2 potions of magic, a potion of
                  | berserk rage, a scroll of blinking.
     0 | D        | Reached XP level 1. HP: 13/13 MP: 3/3
     6 | D        | Reached skill level 1 in Fighting
     9 | D        | Reached skill level 2 in Fighting
    14 | D        | Reached skill level 3 in Fighting
    40 | D        | Noticed a necrophage
    40 | D        | Noticed a centaur
    40 | D        | Noticed a scorpion
    47 | D        | Killed a scorpion
    48 | D        | Reached skill level 5 in Fighting
    48 | D        | Gained mutation: Your movements are slightly less
                  | encumbered by armour. (ER -2) [demonic ancestry]
    48 | D        | Reached XP level 2. HP: 27/27 MP: 5/5
    48 | D        | Gained mutation: A meltable shield of frost defends you.
                  | (SH +4) [demonic ancestry]
    48 | D        | Reached XP level 3. HP: 33/33 MP: 6/6
    52 | D        | Gained mutation: A meltable icy envelope protects you from
                  | harm. (AC +4) [demonic ancestry]
    52 | D        | Reached XP level 4. HP: 35/39 MP: 7/7
    58 | D        | Killed a centaur
    59 | D        | Reached skill level 7 in Fighting
    59 | D        | Reached skill level 8 in Fighting
    59 | D        | Gained mutation: You have a pair of small antennae on your
                  | head. [demonic ancestry]
    59 | D        | Reached XP level 5. HP: 17/49 MP: 8/8
    72 | D        | Reached skill level 9 in Fighting
   218 | D        | Found a snail-covered altar of Cheibriados.
   218 | D        | Found a shadowy altar of Dithmenos.
   218 | D        | Found a blossoming altar of Fedhas.
   218 | D        | Found an opulent altar of Gozag.
   225 | D        | Found a hazy altar of Hepliaklqana.
   226 | D        | Found a viscous altar of Jiyva.
   227 | D        | Found an ancient bone altar of Kikubaaqudgha.
   228 | D        | Found a corrupted altar of Lugonu.
   231 | D        | Found a burning altar of Makhleb.
   232 | D        | Found a sparkling altar of Nemelex Xobeh.
   233 | D        | Found an iron altar of Okawaru.
   234 | D        | Found a stormy altar of Qazlal.
   235 | D        | Found a sacrificial altar of Ru.
   236 | D        | Found a shimmering blue altar of Sif Muna.
   237 | D        | Found a bloodstained altar of Trog.
   238 | D        | Found a hide-covered altar of Uskayaw.
   239 | D        | Found a radiant altar of Vehumet.
   240 | D        | Found an ornate altar of the Wu Jian Council.
   241 | D        | Found a shimmering altar of Xom.
   242 | D        | Found a basalt altar of Yredelemnul.
   266 | D        | Became a worshipper of Uskayaw the Reveller
   305 | D        | Noticed a centaur
   305 | D        | Noticed a yak
   305 | D        | Noticed a vampire
   305 | D        | Noticed a vampire
   306 | D        | Reached * piety under Uskayaw
   307 | D        | Reached skill level 10 in Fighting
   307 | D        | Reached skill level 1 in Evocations
   307 | D        | Reached ** piety under Uskayaw
   308 | D        | Killed a yak
   309 | D        | Reached XP level 6. HP: 49/60 MP: 9/9
   311 | D        | Killed a vampire
   312 | D        | Killed a vampire
   312 | D        | Reached *** piety under Uskayaw
   313 | D        | Reached skill level 5 in Maces & Flails
   313 | D        | Reached skill level 5 in Dodging
   313 | D        | Gained mutation: Your movements are less encumbered by
                  | armour. (ER -4) [demonic ancestry]
   313 | D        | Reached XP level 7. HP: 55/66 MP: 10/10
   317 | D        | Reached **** piety under Uskayaw
   367 | D        | Noticed a catoblepas
   367 | D        | Noticed a wraith
   367 | D        | Noticed a komodo dragon
   367 | D        | Noticed a five-headed hydra
   367 | D        | Noticed a skeletal warrior
   367 | D        | Noticed a centaur warrior
   374 | D        | Killed a centaur warrior
   375 | D        | Gained mutation: You have a pair of antennae on your head.
                  | [demonic ancestry]
   375 | D        | Reached XP level 8. HP: 66/72 MP: 11/11
   382 | D        | Reached ***** piety under Uskayaw
   425 | D        | HP: 1/72 [catoblepas (12)]
   427 | D        | Mangled by a catoblepas

Illustrated notes

Levels and vault maps discovered:
D:        linesprint [early_d, line_temple, items_1, d_10, items_2, lair_1,
          lair_end, items_3, orc_1, orc_end, items_4, d_15, swamp_1, shoals_1,
          snake_1, spider_1, d_20, vaults_1, items_5, swamp_end, shoals_end,
          snake_end, spider_end, vaults_end, d_27, items_6, zot_1, zot_end,
          crypt_end, forest_end, elf_end, slime_end, tomb_end, abyss_end,
          pan_hell_end]

Skill      XL: |  1  2  3  4  5  6  7  8 |
---------------+-------------------------+-----
Fighting       | 5 8 10 | 10.0
Dodging        | 4 5 7 |  7.0
Armour         | 3 6 |  6.0
Stealth        | 3 |  3.0
Evocations     | 6 |  6.0
Maces & Flails | 5 8 9 |  9.3
Long Blades    | |  3.6
Throwing       | |  1.7
Spellcasting   | |  2.0

Action                   |  1- 3 |  4- 6 |  7- 9 || total
-------------------------+-------+-------+-------++-------
Melee: Falchion          |    17 |    18 |       ||    35
       Morningstar       |       |     5 |    35 ||    40
Invok: Line Pass         |       |       |     1 ||     1
Evoke: Wand              |       |     2 |     2 ||     4
  Use: Potion            |     1 |     1 |     2 ||     4
 Stab: Sleeping          |     2 |       |       ||     2
       Invisible         |       |     1 |     3 ||     4
       Paralysed         |       |       |     3 ||     3
Armor: Leather armour    |     2 |     7 |       ||     9
       Plate armour      |       |     6 |    34 ||    40
Dodge: Dodged            |     7 |    27 |    19 ||    53
Block: Other             |       |     4 |     4 ||     8
